 Dungeon Crawl Stone Soup version 0.21.1-1-g345015f (webtiles) character file.

318 tidbits the Insei (level 6, -1/47 HPs)
             Began as a Gnoll Transmuter on Feb 19, 2018.
             Slain by an ogre
             ... wielding a +0 giant spiked club
              (22 damage)
             ... on level 5 of the Dungeon.
             The game lasted 00:05:39 (578 turns).

tidbits the Insei (Gnoll Transmuter)                 Turns: 578, Time: 00:05:40

Health: -1/47      AC: -6    Str: 12    XL:     6   Next: 45%
Magic:  3/14       EV: 24    Int: 17    God:
Gold:   35         SH:  0    Dex: 21    Spells: 9/15 levels left

rFire    . . .     SeeInvis .     - Unarmed
rCold    . . .     Gourm    .   (shield currently unavailable)
rNeg     . . .     Faith    .   (armour currently unavailable)
rPois    x         Spirit   .   (helmet currently unavailable)
rElec    .         Reflect  .   (cloak currently unavailable)
rCorr    .         Harm     .   (gloves currently unavailable)
MR       .....                  (boots currently unavailable)
Stlth    ++........             (no amulet)
HPRegen  0.15/turn              (no ring)
MPRegen  0.14/turn              (no ring)

@: spider-form, corroded, very slightly contaminated
A: tiny, distributed training, strong nose
a: End Transformation


You were on level 5 of the Dungeon.
You were not hungry.
You were a venomous arachnid creature.
You visited 1 branch of the dungeon, and saw 5 of its levels.

You collected 35 gold pieces.

Inventory:

Hand Weapons
 e - a +0 whip of draining
   (You took it off an orc on level 4 of the Dungeon)
 f - a +0 dagger
Missiles
 a - 33 arrows
Armour
 b - a +0 robe
 g - a +0 ring mail
 B - a +1 robe of cold resistance (melded)
   (You took it off an orc wizard on level 4 of the Dungeon)
Scrolls
 h - a scroll of enchant weapon {unknown}
 i - a scroll of teleportation {unknown}
 k - a scroll of enchant armour {unknown}
Potions
 j - 3 potions of agility {unknown}
Books
 c - a book of Changes

   Spells                             Type                      Level
   a - Beastly Appendage              Transmutation                1
   b - Sticks to Snakes               Transmutation                2
   c - Spider Form                    Transmutation/Poison         3
   d - Ice Form                       Ice/Transmutation            4
   e - Blade Hands                    Transmutation                5
Comestibles
 d - 3 rations


   Skills:
 + Level 3.2 Fighting
 + Level 1.9 Short Blades
 + Level 1.9 Long Blades
 + Level 1.9 Axes
 + Level 1.9 Maces & Flails
 + Level 1.9 Polearms
 + Level 1.9 Staves
 + Level 1.9 Slings
 + Level 1.9 Bows
 + Level 1.9 Crossbows
 + Level 1.9 Throwing
 + Level 1.9 Armour
 + Level 5.0 Dodging
 + Level 1.9 Stealth
 + Level 1.9 Shields
 + Level 6.8 Unarmed Combat
 + Level 5.3 Spellcasting
 + Level 1.5 Conjurations
 + Level 1.5 Hexes
 + Level 1.5 Charms
 + Level 1.5 Summonings
 + Level 1.5 Necromancy
 + Level 1.5 Translocations
 + Level 4.1 Transmutations
 + Level 1.5 Fire Magic
 + Level 1.5 Ice Magic
 + Level 1.5 Air Magic
 + Level 1.5 Earth Magic
 + Level 1.5 Poison Magic
 + Level 2.1 Invocations
 + Level 1.9 Evocations


You had 9 spell levels left.
You knew the following spells:

 Your Spells              Type           Power        Failure   Level  Hunger
e - Beastly Appendage     Tmut           ###...       10%         1    None
k - Sticks to Snakes      Tmut           ###.....     12%         2    #......
p - Spider Form           Tmut/Pois      ##........   30%         3    ##.....


Dungeon Overview and Level Annotations

Branches:
Dungeon (5/15)
 Temple: D:4-7

Altars:
Ru
Yredelemnul


Innate Abilities, Weirdness & Mutations

Your experience applies equally to all skills.
((You have very sharp teeth.))
Your uncanny sense of smell can sniff out nearby items.


Message History

A worker ant comes into view.
Casting: Spider Form
Confirm with . or Enter, or press ? or * to list all spells.
You turn into a venomous arachnid creature.
Your +1 robe of cold resistance melds into your body.
You feel less resistant to cold.
The worker ant twitches its antennae in your direction.
The worker ant barely misses you.
You hit the worker ant.
The worker ant is poisoned.
The worker ant is moderately wounded.
The worker ant bites you but does no damage.
You hit the worker ant but do no damage.
The worker ant looks as sick as possible!
The worker ant is heavily wounded.
The worker ant misses you.
You kill the worker ant!
Found 9 gold pieces.
A jackal comes into view.
A jackal, a jelly, a giant cockroach and an ogre come into view.
Found 26 stones and a potion of heal wounds.
Found a sacrificial altar of Ru.
Unknown command.
The helpless jackal fails to defend itself.
You bite the jackal!
You kill the jackal!
The jackal barks!
A jackal comes into view.
You hit the jackal.
You kill the jackal!
Your transformation is almost over.
Found a robe.
A jackal comes into view.
You closely miss the jackal. The jackal completely misses you.
The jackal barks!
You bite the jackal!
You kill the jackal!
You see here a jackal corpse.
You bite the jackal!
You kill the jackal!
Your transformation has ended.
Your +1 robe of cold resistance unmelds from your body.
You feel resistant to cold.
Found 19 arrows.
A sky beast comes into view.
You see here 9 gold pieces.
You now have 35 gold pieces (gained 9).
The ogre shouts!
The jelly quivers.
Casting: Spider Form
Confirm with . or Enter, or press ? or * to list all spells.
You miscast Spider Form.
You are very lightly contaminated with residual magic.
You feel faint for a moment. The jelly barely misses you.
Casting: Spider Form
Confirm with . or Enter, or press ? or * to list all spells.
You turn into a venomous arachnid creature.
Your +1 robe of cold resistance melds into your body.
You feel less resistant to cold.
The sky beast flickers out of sight!
The jelly barely misses you.
Casting: Spider Form
Confirm with . or Enter, or press ? or * to list all spells.
You create a snake!
You now have 33 arrows.
The giant cockroach bites your ball python.
The jelly hits you. The acid corrodes you!
You are splashed with acid!
The acid burns!
The giant cockroach closely misses your ball python.
You hit the jelly.
Your front legs burn!
The jelly is moderately wounded.
The jelly hits you. The acid corrodes you!
You are splashed with acid!
The acid burns!
The giant cockroach closely misses your ball python.
Your ball python bites the jelly.
Your ball python is burned by acid!
You hit the jelly.
Your front legs burn!
* * * LOW HITPOINT WARNING * * *
The jelly is almost dead.
The jelly completely misses you.
The giant cockroach waves its antennae.
The giant cockroach bites your ball python.
Your ball python bites the jelly.
Your ball python is burned by acid!
Your ball python withers and dies!
You hit the jelly but do no damage.
The jelly is poisoned.
Your front legs burn!
* * * LOW HITPOINT WARNING * * *
The jelly is almost dead.
You kill the jelly!
Your Dodging skill increases to level 5!
The giant cockroach closely misses you.
You bite the giant cockroach!
You kill the giant cockroach!
A sky beast appears from thin air!
You bite the ogre!
The ogre is moderately wounded.
The ogre closely misses you.
You hit the ogre.
The ogre is poisoned.
The ogre is heavily wounded.
You hit the ogre.
The ogre looks as sick as possible!
The ogre is heavily wounded.
The ogre hits you with a giant spiked club!!
You die...

#.# #. #.# ####.. #.#
. .## ....# #.# .# ...
... #.# #.# ###!## #..
#.# ...#
#..(..##.####.# #..##
.......#..YOs.##....#
.......#.####....#
..._.Y...####...##
....(..#.....†#......#
.......#..###.#####..#
#.....##..# #.# # #
###.####..# #.# #.
..........# #.# #..
..#####...# #.#


You could see a sky beast and an ogre.

Vanquished Creatures
  A centaur (D:5)
  A jelly (D:5)
  3 orc wizards (D:4)
  An iguana (D:4)
  A worker ant (D:5)
  An adder (D:3)
  An adder skeleton (D:5)
  2 leopard geckos (D:3)
  10 orcs
  A giant cockroach (D:5)
  A gnoll zombie (D:5)
  A hobgoblin (D:1)
  4 jackals (D:5)
  2 kobolds (D:2)
  4 rats
34 creatures vanquished.

Vanquished Creatures (collateral kills)
  An orc wizard (D:4)
  3 orcs (D:4)
  A gnoll zombie (D:5)
5 creatures vanquished.

Grand Total: 39 creatures vanquished

Notes
Turn   | Place    | Note
-------+----------+-------------------------------------------
     0 | D:1      | tidbits the Gnoll Transmuter began the quest for the Orb.
     0 | D:1      | Reached XP level 1. HP: 17/17 MP: 6/6
   164 | D:2      | Reached XP level 2. HP: 20/23 MP: 5/7
   168 | D:2      | Learned a level 2 spell: Sticks to Snakes
   272 | D:4      | Reached XP level 3. HP: 4/28 MP: 3/9
   273 | D:4      | Reached skill level 5 in Spellcasting
   273 | D:4      | Reached skill level 1 in Invocations
   273 | D:4      | HP: 1/28 [orc/mace (4)]
   284 | D:4      | HP: 2/42 [iguana (1)]
   285 | D:4      | Reached skill level 1 in Short Blades
   285 | D:4      | Reached skill level 1 in Long Blades
   285 | D:4      | Reached skill level 1 in Axes
   285 | D:4      | Reached skill level 1 in Maces & Flails
   285 | D:4      | Reached skill level 1 in Polearms
   285 | D:4      | Reached skill level 1 in Staves
   285 | D:4      | Reached skill level 1 in Slings
   285 | D:4      | Reached skill level 1 in Bows
   285 | D:4      | Reached skill level 1 in Crossbows
   285 | D:4      | Reached skill level 1 in Throwing
   285 | D:4      | Reached skill level 1 in Armour
   285 | D:4      | Reached skill level 1 in Stealth
   285 | D:4      | Reached skill level 1 in Shields
   285 | D:4      | Reached skill level 1 in Evocations
   285 | D:4      | Reached XP level 4. HP: 2/34 MP: 6/11
   289 | D:4      | Reached skill level 1 in Conjurations
   289 | D:4      | Reached skill level 1 in Hexes
   289 | D:4      | Reached skill level 1 in Charms
   289 | D:4      | Reached skill level 1 in Summonings
   289 | D:4      | Reached skill level 1 in Necromancy
   289 | D:4      | Reached skill level 1 in Translocations
   289 | D:4      | Reached skill level 1 in Fire Magic
   289 | D:4      | Reached skill level 1 in Ice Magic
   289 | D:4      | Reached skill level 1 in Air Magic
   289 | D:4      | Reached skill level 1 in Earth Magic
   289 | D:4      | Reached skill level 1 in Poison Magic
   290 | D:4      | HP: 3/51 [orc/enchanted whip (1)]
   298 | D:4      | Reached XP level 5. HP: 5/40 MP: 6/12
   316 | D:4      | Learned a level 3 spell: Spider Form
   370 | D:4      | Reached skill level 3 in Fighting
   389 | D:3      | Reached skill level 4 in Transmutations
   476 | D:5      | Entered Level 5 of the Dungeon
   476 | D:5      | Noticed a centaur
   498 | D:5      | Killed a centaur
   498 | D:5      | Reached skill level 2 in Invocations
   498 | D:5      | Reached XP level 6. HP: 35/47 MP: 6/13
   518 | D:5      | Found a basalt altar of Yredelemnul.
   544 | D:5      | Found a sacrificial altar of Ru.
   560 | D:5      | Noticed a sky beast
   573 | D:5      | Reached skill level 5 in Dodging
   578 | D:5      | Slain by an ogre

Skill      XL: |  1  2  3  4  5  6 |
---------------+-------------------+-----
Spellcasting   | 5 |  5.3
Invocations    | 1 2 |  2.1
Short Blades   | 1 |  1.9
Long Blades    | 1 |  1.9
Axes           | 1 |  1.9
Maces & Flails | 1 |  1.9
Polearms       | 1 |  1.9
Staves         | 1 |  1.9
Slings         | 1 |  1.9
Bows           | 1 |  1.9
Crossbows      | 1 |  1.9
Throwing       | 1 |  1.9
Armour         | 1 |  1.9
Stealth        | 1 |  1.9
Shields        | 1 |  1.9
Evocations     | 1 |  1.9
Conjurations   | 1 |  1.5
Hexes          | 1 |  1.5
Charms         | 1 |  1.5
Summonings     | 1 |  1.5
Necromancy     | 1 |  1.5
Translocations | 1 |  1.5
Fire Magic     | 1 |  1.5
Ice Magic      | 1 |  1.5
Air Magic      | 1 |  1.5
Earth Magic    | 1 |  1.5
Poison Magic   | 1 |  1.5
Fighting       | 3 |  3.2
Transmutations | 4 |  4.1
Dodging        | 5 |  5.0
Unarmed Combat | |  6.8

Action                   |  1- 3 |  4- 6 || total
-------------------------+-------+-------++-------
Melee: Unarmed           |    57 |    52 ||   109
       Headbutt          |     4 |       ||     4
       Bite              |     5 |     1 ||     6
       Punch             |     2 |     1 ||     3
       Kick              |     1 |       ||     1
 Cast: Beastly Appendage |     7 |     1 ||     8
       Sticks to Snakes  |     3 |     4 ||     7
       Spider Form       |       |     8 ||     8
  Use: Potion            |     2 |     1 ||     3
 Stab: Sleeping          |       |     2 ||     2
Armor: Robe              |     3 |       ||     3
       Skin              |     3 |    12 ||    15
Dodge: Dodged            |    29 |    31 ||    60

Table legend:
 A = Turns spent in this place as a percentage of turns spent in the entire game.
 B = Non-inter-level travel turns spent in this place as a percentage of non-inter-level travel turns spent in the entire game.
 C = Inter-level travel turns spent in this place as a percentage of turns spent in this place.
 D = Turns resting spent in this place as a percentage of non-inter-level travel turns spent in this place.
 E = Turns spent auto-exploring this place as a percentage of non-inter-level travel turns spent in this place.
 F = Non-inter-level travel turns spent in this place divided by the number of levels of this place that you've seen.
                   A       B       C       D       E      F
               +-------+-------+-------+-------+-------+----------------------
         Total | 100.0 | 100.0 |   0.0 |   0.0 |   0.0 | 115.6
       Dungeon | 100.0 | 100.0 |   0.0 |   0.0 |   0.0 | 115.6
               +-------+-------+-------+-------+-------+----------------------

Table legend:
 A = Kills in this place as a percentage of kills in entire the game.
 B = Kills by you in this place as a percentage of kills by you in the entire game.
 C = Kills by friends in this place as a percentage of kills by friends in the entire game.
 D = Other kills in this place as a percentage of other kills in the entire game.
 E = Experience gained in this place as a percentage of experience gained in the entire game.
 F = Experience gained in this place divided by the number of levels of this place that you have seen.
                   A       B       C       D       E      F
               +-------+-------+-------+-------+-------+----------------------
         Total | 100.0 | 100.0 | 100.0 |   N/A | 100.0 |  91.0
       Dungeon | 100.0 | 100.0 | 100.0 |   N/A | 100.0 |  91.0
               +-------+-------+-------+-------+-------+----------------------

Vault maps used:
D:1:      scummos_arrival_checkerplants, dk_noncrumbling_3
D:2:      uniq_crazy_yiuf_cottage, uniq_terence
D:3:      lemuel_coloured_pillars_altar, lemuel_crystal_altar
D:4:      nemelex_xobeh_ov_fountains_minmay, minmay_temple_entry_hall,
          first_ration, uniq_menkaure, uniq_sigmund
D:5:      lemuel_zombie_altar_yredelemnul, old_standard_altar, led_sif_book
